 Dungeon Crawl Stone Soup version 0.30-a0-918-g0ff054e9dc (webtiles) character file.

Game seed: 13466488855668778366

1024 theswoord the Carver (level 8, 0/46 HPs)
             Began as a Gargoyle Berserker on Mar 20, 2023.
             Was a Believer of Trog.
             Slain by Joseph
             ... wielding a +0 quarterstaff
              (16 damage)
             ... on level 7 of the Dungeon.
             The game lasted 00:06:42 (5408 turns).

theswoord the Carver (Gargoyle Berserker)           Turns: 5408, Time: 00:06:43

Health: 0/46       AC: 24    Str: 23    XL:     8   Next: 22%
Magic:  8/8        EV: 11    Int:  8    God:    Trog [**....]
Gold:   823        SH:  5    Dex:  9    Spells: 7/7 levels left

rFire   . . .      SeeInvis .    a - +1 falchion (protect)
rCold   . . .      Faith    .    (no shield)
rNeg    + . .      Spirit   .    s - +0 ring mail
rPois   ∞          Reflect  +    (no helmet)
rElec   +          Rampage  .    n - scarf {repulsion}
rCorr   .                        t - +1 pair of gloves
Will    ++...                    (no boots) Stlth
                                 p - amulet of reflection
HPRegen 1.27/turn                d - +4 ring of protection
MPRegen 0.11/turn                j - +4 ring of slaying

@: strong-willed, under a protective aura, regenerating, repel missiles
A: sickness immunity, AC +5, negative energy resistance 1, electricity
resistance, torment resistance 1, petrification resistance
a: Renounce Religion, Berserk, Trog's Hand


You were on level 7 of the Dungeon.
You worshipped Trog.
Trog was pleased with you.
You visited 1 branch of the dungeon, and saw 7 of its levels.

You collected 823 gold pieces.

Inventory:

Hand Weapons
 a - a +1 falchion of protection (weapon)
Armour
 b - a +0 animal skin
 i - a +0 pair of gloves
 n - a scarf of repulsion (worn)
 s - a +0 ring mail (worn)
 t - a +1 pair of gloves (worn)
Jewellery
 d - a +4 ring of protection (left hand)
 j - a +4 ring of slaying (right hand)
 p - an amulet of reflection (around neck)
Scrolls
 q - a scroll of teleportation
 r - a scroll of identify
 u - a scroll of vulnerability
 x - a scroll of blinking
 y - 2 scrolls of enchant weapon
Potions
 c - 6 potions of curing
 e - a potion of might
 f - 3 potions of heal wounds
 g - a potion of haste
 h - 3 potions of magic
 k - 5 potions of lignification
 l - a potion of flight
 m - a potion of brilliance
 o - a potion of attraction
 v - a potion of degeneration


   Skills:
 - Level 3.2 Fighting
 + Level 9.0 Long Blades
 - Level 2.1 Armour
 - Level 1.5 Dodging


You had 7 spell levels left.
You didn't know any spells.
Your spell library was empty.

Dungeon Overview and Level Annotations

Branches:
Dungeon (7/15)             Temple (0/1) D:4

Altars:
Gozag
Makhleb
Vehumet
The Shining One

Shops:
D:6 *

Annotations:
D:3 2 transporters, hackum's ghost, amateur FoFi
D:7 Joseph


Innate Abilities, Weirdness & Mutations

You are immune to sickness and miasma.
Your stone body is resilient. (AC +5)
You are immune to poison.
You resist negative energy. (rN+)
You are resistant to electric shocks. (rElec)
You are resistant to unholy torment.
You are immune to petrification.


Message History

The shadow imp hits you but does no damage.
You hit the shadow imp but do no damage.
The shadow imp hits you.
Joseph shoots a sling bullet.
The sling bullet barely misses you.
You barely miss the shadow imp. The shadow imp closely misses you.
Joseph shoots a sling bullet.
The sling bullet closely misses you.
You hit the shadow imp.
You kill the shadow imp!
Trog accepts your kill.
Joseph shoots a sling bullet.
The sling bullet hits you but does no damage.
Joseph shoots a sling bullet.
You reflect the sling bullet off an invisible shield around you!
The sling bullet hits Joseph!
Found a pair of boots.
Joseph shoots a sling bullet.
The sling bullet hits you!
Joseph unwields a +0 sling.
Joseph wields a +0 quarterstaff.
Joseph hits you with a +0 quarterstaff.
You hit Joseph. You slash Joseph! Joseph hits you but does no damage.
You closely miss Joseph. Joseph hits you but does no damage.
You hit Joseph. Joseph hits you but does no damage.
You hit Joseph. Joseph hits you with a +0 quarterstaff!
* * * LOW HITPOINT WARNING * * *
You completely miss Joseph. You closely miss Joseph. Joseph barely misses you.
Your skin crawls.
You feel strong-willed. Joseph hits you but does no damage.
You hit Joseph but do no damage. Joseph closely misses you.
You closely miss Joseph. You block Joseph's attack.
You barely miss Joseph. Joseph barely misses you.
You closely miss Joseph. You punch Joseph.
Joseph hits you with a +0 quarterstaff!
* * * LOW HITPOINT WARNING * * *
You barely miss Joseph. Joseph closely misses you.
You hit Joseph. You hit Joseph. Joseph hits you with a +0 quarterstaff.
* * * LOW HITPOINT WARNING * * *
You hit Joseph. Joseph hits you with a +0 quarterstaff!
You die...

. #[ #.##########
#..........#
#..........#
#..........#
#..........+
#....@@/...#### #
......##....#.<#..#.#
......................
#.....#.....#.......#.
#.... #.....#########
.............. ###
###########


You could see Joseph.

Vanquished Creatures
  A water moccasin (D:3)
  Duvessa (D:4)
  An ice beast (D:6)
  A sky beast (D:6)
  A phantom (D:6)
  A kobold brigand (D:6)
  A gnoll sergeant (D:6)
  Dowan (D:4)
  A crimson imp (D:5)
  2 jellies (D:6)
  An orc priest (D:4)
  An iguana (D:6)
  An orc wizard (D:6)
  7 gnolls
  5 adders
  A shadow imp (D:7)
  2 worms
  3 dart slugs
  13 orcs
  2 endoplasms
  2 giant cockroaches
  2 goblins
  7 hobgoblins
  9 kobolds
  2 quokkas
  4 ball pythons
  3 bats
  5 frilled lizards
  3 rats
84 creatures vanquished.

Notes
Turn   | Place    | Note
-------+----------+-------------------------------------------
     0 | D:1      | theswoord the Gargoyle Berserker began the quest for the
                  | Orb.
     0 | D:1      | Reached XP level 1. HP: 14/14 MP: 1/1
    89 | D:1      | Reached skill level 3 in Long Blades
   177 | D:1      | Reached XP level 2. HP: 19/19 MP: 2/2
   286 | D:1      | Found a faded altar of an unknown god.
   799 | D:2      | Identified a scroll of acquirement
   799 | D:2      | Acquired 519 gold pieces
   821 | D:2      | Reached XP level 3. HP: 23/23 MP: 3/3
   912 | D:2      | Reached skill level 4 in Long Blades
   918 | D:2      | Reached XP level 4. HP: 16/28 MP: 4/4
  1023 | D:2      | Identified the +1 sling "Ykaag" {freeze, Dex+3}
  1381 | D:2      | Reached ** piety under Trog
  1708 | D:3      | Found a transporter.
  1715 | D:3      | Noticed hackum's ghost (amateur FoFi)
  1730 | D:3      | Found a transporter.
  1842 | D:3      | Found a glowing golden altar of the Shining One.
  1842 | D:3      | Found an opulent altar of Gozag.
  2225 | D:3      | Noticed a water moccasin
  2242 | D:3      | Killed a water moccasin
  2243 | D:3      | Reached skill level 5 in Long Blades
  2243 | D:3      | Reached XP level 5. HP: 7/32 MP: 5/5
  2597 | D:4      | Found a staircase to the Ecumenical Temple.
  2982 | D:4      | Reached skill level 6 in Long Blades
  2982 | D:4      | Reached XP level 6. HP: 35/37 MP: 6/6
  3081 | D:4      | Noticed Dowan
  3081 | D:4      | Noticed Duvessa
  3103 | D:4      | Killed Duvessa
  3107 | D:4      | Killed Dowan
  3423 | D:5      | Entered Level 5 of the Dungeon
  3600 | D:5      | Found a burning altar of Makhleb.
  3600 | D:5      | Found a radiant altar of Vehumet.
  3624 | D:5      | Reached skill level 7 in Long Blades
  3624 | D:5      | Reached XP level 7. HP: 41/41 MP: 7/7
  4379 | D:6      | Reached skill level 8 in Long Blades
  4411 | D:6      | Reached XP level 8. HP: 40/46 MP: 8/8
  4435 | D:6      | Found Vegufet's Mass Market.
  4770 | D:6      | Reached skill level 9 in Long Blades
  5383 | D:7      | Noticed Joseph
  5408 | D:7      | Slain by Joseph

Skill      XL: |  1  2  3  4  5  6  7  8 |
---------------+-------------------------+-----
Long Blades    | 3 4 5 6 7 8 9 |  9.0
Fighting       | |  3.2
Armour         | |  2.1
Dodging        | |  1.5

Action                     |  1- 3 |  4- 6 |  7- 9 || total
---------------------------+-------+-------+-------++-------
  Melee: Falchion          |    71 |   122 |   121 ||   314
         Punch             |       |     2 |     2 ||     4
 Invoke: Berserk           |     1 |     2 |     2 ||     5
         Trog's Hand       |       |     2 |     1 ||     3
    Use: Scroll            |     5 |    12 |     3 ||    20
         Potion            |       |       |     1 ||     1
   Stab: Sleeping          |       |     1 |       ||     1
 Armour: Animal skin       |    29 |    33 |       ||    62
         Ring mail         |       |    10 |    67 ||    77
  Dodge: Dodged            |    45 |    66 |    51 ||   162
         Repelled          |       |     1 |       ||     1
  Block: Other             |       |    13 |    25 ||    38
         Reflection        |       |     1 |     1 ||     2

Levels and vault maps discovered:
D:1:      mrwooster_arrival_statue_3, layout_basic,
          hellmonk_ecumenical_altar_leap_of_faith
D:2:      layout_loops_ring, wander_ebering_terrifying_dragon_lair
D:3:      layout_basic, gammafunk_temple_overflow_elements,
          gammafunk_ghost_arena, minmay_misc_feat_secret_circle
D:4:      layout_basic, minmay_temple_entry_stoned_glass, uniq_duvessa
D:5:      layout_basic, grunt_temple_overflow_lords_of_destruction
D:6:      layout_layer_cave, minmay_shop_mass, hangedman_decor_clover_reticule
D:7:      kennysheep_six_static_rooms, layout_basic,
          lemuel_coloured_pillars_altar, grunt_qazlal_clouds, uniq_joseph
